Map: Acid Plant LE

Players

MooseWayne

  • Race: Terran Terran
  • Spawn Location: 11:00

Marzbar - Winner!

  • Race: Zerg Zerg
  • League: Diamond
  • Spawn Location: 5:00

VOD

Have the link to the VOD?

Description

Time

  • Played on: June 13, 2018, 5:22 p.m.
  • Length: 20:46
Show
View Real Time Build Order
Export as new Build Order

MooseWayne Terran 

Build Orders:  

Get SALT Encoding   

  12  0:00  SCV  
  13  0:13  SCV  
  14  0:18  Supply Depot  
  14  0:25  SCV  
  15  0:40  SCV  
  16  0:42  Barracks  
  16  0:47  Refinery  
  16  0:52  SCV  
  17  1:10  SCV  
  18  1:22  SCV  
  19  1:34  Orbital Command  
  19  1:42  Command Center  
  19  1:56  Barracks, Marine  
  19  2:00  SCV  
  21  2:11  Factory  
  21  2:14  SCV  
  22  2:17  Barracks Reactor  
  22  2:26  SCV  
  22  2:30  Supply Depot  
  22  2:38  SCV  
  23  2:45  Barracks Tech Lab  
  23  2:49  Refinery  
  23  2:52  SCV  
  23  2:55  Orbital Command  
  23  2:56  Marine x2  
  26  3:07  Stimpack  
  26  3:11  SCV  
  27  3:24  SCV  
  27  3:25  Marine x3  
  31  3:28  Starport  
  31  3:31  Factory Reactor  
  30  3:53  Marine, SCV x2  
  30  3:54  Marine x2  
  35  4:05  SCV, Supply Depot  
  36  4:11  Marine, Supply Depot  
  37  4:21  Marine x2  
  39  4:24  SCV x2  
  39  4:28  Medivac  
  39  4:29  Marine  
  44  4:32  Medivac  
  44  4:36  SCV  
  44  4:37  SCV, Factory Tech Lab  
  48  4:39  Marine x2  
  50  4:48  SCV  
  50  4:49  Marine, SCV  
  53  4:57  Marine x2  
  53  4:58  Siege Tank  
  57  5:07  Marine  
  58  5:14  Marine  
  58  5:17  Command Center  
  59  5:29  SCV x2  
  61  5:36  Marine  
  62  5:43  Marine  
  62  5:45  SCV  
  62  5:48  SCV  
  62  5:52  Supply Depot  
  62  6:13  Siege Tank, Medivac x2, SCV  
  70  6:26  Marine x3, SCV x2  
  67  6:37  Orbital Command  
  67  6:38  SCV  
  68  6:43  Marine x3  
  68  6:45  Siege Tank  
  74  6:47  Medivac x2  
  77  7:01  Marine x2  
  77  7:06  Marine  
  80  7:12  Refinery  
  80  7:14  Refinery  
  80  7:19  Marine x2  
  80  7:20  Barracks  
  80  7:21  Barracks  
  80  7:22  Medivac  
  84  7:24  Engineering Bay, Marine  
  84  7:25  Barracks, Engineering Bay  
  85  7:44  Supply Depot  
  85  7:45  Supply Depot  
  85  7:48  Supply Depot x2  
  85  7:52  Marine  
  85  7:53  Armory  
  85  7:54  Marauder, Marine  
  82  8:10  Marine  
  66  8:15  Marine x2  
  66  8:16  Siege Tank, Medivac x2  
  68  8:27  Marine  
  68  8:34  Marauder  
  63  8:35  SCV x2  
  63  8:40  Barracks Reactor x3  
  65  8:46  Medivac  
  65  8:47  SCV x2  
  69  8:55  Marauder  
  71  8:57  Marine x2  
  71  8:58  Siege Tank  
  71  8:59  SCV x2, Orbital Command  
  71  9:02  Terran Infantry Weapons Level 1  
  78  9:11  SCV x2  
  78  9:15  Marine x2  
  78  9:16  Marine  
  83  9:23  SCV  
  83  9:24  SCV  
  85  9:30  Siege Tank  
  88  9:33  Marine, SCV  
  88  9:35  Sensor Tower  
  88  9:36  Marine x8, SCV x2  
  100  9:39  Medivac  
  100  9:45  SCV  
  103  9:48  SCV  
  103  9:51  Marine  
  105  9:54  Marine x4  
  109  10:00  Terran Infantry Armor Level 1  
  109  10:13  Marine  
  109  10:14  Marine  
  109  10:15  Marine  
  109  10:16  Marine  
  109  10:23  SCV  
  109  11:01  Terran Infantry Weapons Level 2  
  109  11:02  Terran Vehicle Weapons Level 1  
  109  11:10  Supply Depot x2  
  109  11:12  Supply Depot  
  109  11:14  Supply Depot  
  109  11:15  Supply Depot  
  109  11:25  Marine, Reaper  
  109  11:28  Marine x2  
  109  11:29  Medivac, SCV x2  
  109  11:30  Marine x5  
  109  11:31  Siege Tank, Medivac  
  99  11:41  SCV  
  99  11:42  Marine  
  99  11:46  Marine x2  
  97  11:48  Marine x5  
  101  11:57  Marine  
  101  11:59  Medivac  
  101  12:00  Marine  
  105  12:01  Medivac  
  105  12:03  Marine, Siege Tank  
  105  12:04  Marine  
  105  12:05  Marine x2  
  105  12:06  Marine  
  105  12:07  Marine x2  
  117  12:13  Refinery  
  117  12:15  Marine, Refinery  
  118  12:18  Marine, Command Center x2  
  118  12:21  Marine  
  118  12:22  Marine  
  121  12:23  Marine x2  
  121  12:24  Marauder  
  121  12:25  Marine  
  121  12:26  SCV x3, Factory  
  129  12:36  Siege Tank  
  132  12:38  SCV x2  
  132  12:39  Marine x2, SCV  
  132  12:40  Marine  
  138  12:45  Marauder  
  138  12:46  Supply Depot  
  138  12:47  Marine x3  
  138  12:48  Supply Depot  
  138  12:50  SCV, Supply Depot  
  138  12:51  SCV x2  
  141  13:03  SCV  
  139  13:07  Marine  
  139  13:08  Marine x8, Siege Tank  
  139  13:12  Factory Tech Lab  
  151  13:25  Marine x2  
  151  13:26  Marine x7  
  160  13:28  SCV x3  
  162  13:40  Siege Tank, SCV x3  
  168  13:43  Marine  
  169  13:48  Orbital Command  
  169  13:49  Orbital Command  
  169  13:52  SCV x3  
  172  13:56  Marine x8  
  172  14:01  Marine  
  181  14:04  SCV  
  182  14:13  Marine x2  
  182  14:14  Marine x6  
  190  14:19  Marine  
  186  14:31  Marine x3  
  186  14:32  Marine x2  
  153  14:43  Marine x4  
  153  14:44  Siege Tank x2  
  152  14:49  Marine x4  
  152  14:50  Marine  
  139  15:00  Marine  
  139  15:01  Marine x3  
  137  15:07  Marine x5, Medivac x2  
  145  15:16  Siege Tank x2  
  145  15:18  Marine  
  145  15:19  Marine x3  
  140  15:25  Marine x5  
  125  15:36  Marine x3  
  125  15:37  Marauder, Medivac  
  122  15:42  Marine  
  122  15:43  Marine x3  
  122  15:46  Marine  
  122  15:48  Siege Tank x2  
  129  15:54  Marine x3  
  128  15:58  Marauder  
  128  16:00  Marine, Medivac  
  128  16:02  Marine  
  128  16:03  Marine  
  135  16:07  Medivac  
  114  16:30  Medivac  
  111  16:38  Marine x9  
  120  16:48  SCV  
  120  16:49  SCV x2  
  123  16:56  Marine x8  
  131  17:02  Marine  
  131  17:03  Siege Tank  
  135  17:10  Viking  
  135  17:11  Viking  
  135  17:13  Marine  
  135  17:14  Marine x3  
  135  17:15  Marauder  
  145  17:16  Marine x2  
  145  17:17  Marine  
  145  17:19  Orbital Command  
  145  17:20  Marine  
  147  17:28  SCV x2  
  147  17:29  SCV  
  138  17:40  SCV  
  138  17:41  SCV x2  
  138  17:43  Marine  
  138  17:44  Marauder, Marine x3  
  129  17:53  SCV  
  130  18:00  Marine x2  
  130  18:05  SCV x4  
  136  18:24  Marauder, Marine x8  
  121  18:34  Siege Tank x2  
  121  18:41  Viking x2  
  128  18:42  Marine x8  
  128  18:45  Marine  
  137  18:59  Marine x2  
  137  19:00  Marine x4  
  137  19:01  Marine x2  
  134  19:03  Marine  
  134  19:06  Thor x2  
  147  19:11  Viking  
  147  19:12  SCV x3  
  147  19:13  SCV  
  153  19:17  Marine x2  
  153  19:18  Marine x4  
  153  19:19  Marine x2  
  153  19:21  Marine  
  162  19:24  SCV x2  
  162  19:25  SCV  
  162  19:35  Marine x2  
  127  19:41  Marine x4  
  127  19:42  Marine x3  
  114  19:49  Siege Tank  
  103  19:52  Siege Tank  
  103  19:53  Marine x2, Viking  
  103  19:57  Medivac  
  103  19:59  Marine x7  
  110  20:00  Refinery  
  110  20:05  SCV x4  
  110  20:06  Orbital Command, Refinery  
  117  20:11  Marine x2  
  119  20:17  Marine, SCV  
  119  20:18  Marauder  
Show
View Real Time Build Order
Export as new Build Order

Marzbar Zerg - Winner!

Build Orders: Hatch First 

Get SALT Encoding   

  12  0:01  Drone  
  13  0:13  Overlord  
  13  0:17  Drone  
  14  0:31  Drone x2  
  14  0:35  Drone  
  17  0:52  Hatchery  
  17  0:56  Drone  
  17  1:00  Drone  
  17  1:03  Extractor  
  17  1:15  Spawning Pool  
  16  1:18  Drone  
  17  1:28  Drone  
  17  1:29  Drone  
  19  1:39  Overlord  
  19  1:52  Drone  
  20  2:04  Queen x2  
  20  2:05  Zergling x2  
  20  2:06  Zergling x2  
  26  2:12  Metabolic Boost  
  26  2:15  Drone  
  26  2:19  Drone  
  29  2:22  Drone  
  29  2:42  Drone x2  
  31  2:47  Drone  
  32  2:51  Overlord  
  32  2:53  Hatchery  
  31  3:06  Drone x2  
  31  3:11  Drone x3  
  31  3:12  Overlord  
  36  3:14  Drone  
  36  3:15  Drone x2  
  39  3:25  Overlord  
  39  3:27  Overlord  
  39  3:30  Queen  
  41  3:37  Drone x3  
  42  3:57  Drone  
  42  3:58  Drone x2  
  42  3:59  Overlord x2, Drone  
  42  4:00  Zergling x2  
  47  4:05  Extractor  
  47  4:06  Queen  
  48  4:10  Queen  
  48  4:13  Baneling Nest  
  48  4:14  Drone  
  48  4:15  Drone x3  
  53  4:20  Zergling x4  
  55  4:30  Drone x3  
  59  4:38  Zergling x2  
  59  4:39  Zergling x12  
  59  4:43  Queen  
  67  5:00  Baneling  
  67  5:01  Zergling x2, Baneling x7  
  67  5:02  Zergling x6  
  71  5:08  Drone x2  
  71  5:09  Overlord  
  71  5:10  Overlord x2  
  73  5:19  Overlord  
  73  5:20  Overlord  
  73  5:32  Overlord, Drone x6  
  73  5:33  Overlord  
  73  5:34  Zergling x2  
  80  5:36  Lair  
  80  5:42  Evolution Chamber x2  
  75  6:04  Zergling x2  
  75  6:05  Zergling x10  
  78  6:12  Zerg Melee Weapons Level 1  
  78  6:13  Zerg Ground Armor Level 1  
  72  6:20  Zergling x18  
  76  6:27  Queen x2  
  79  6:47  Spine Crawler  
  79  6:50  Spine Crawler, Spore Crawler  
  79  6:51  Spore Crawler  
  75  6:54  Hatchery  
  67  7:03  Queen x3  
  67  7:04  Hatchery  
  72  7:08  Hydralisk Den  
  72  7:11  Baneling x5  
  71  7:26  Extractor  
  71  7:28  Overlord, Drone x6  
  71  7:29  Overlord  
  76  7:39  Queen x2  
  80  7:44  Drone  
  80  7:45  Hydralisk x5, Drone x3  
  94  7:57  Hydralisk  
  95  7:58  Zergling x2  
  95  7:59  Zergling x10  
  95  8:01  Baneling x2  
  70  8:29  Hydralisk x2  
  70  8:30  Zergling x16  
  70  8:31  Zergling x8  
  86  8:48  Drone x10  
  96  8:58  Extractor  
  96  8:59  Drone x2  
  96  9:00  Drone x3  
  96  9:02  Extractor  
  99  9:03  Baneling  
  99  9:05  Drone x3  
  102  9:12  Hydralisk x2  
  106  9:22  Extractor  
  105  9:25  Drone  
  105  9:26  Drone x2  
  105  9:27  Zergling x2, Drone x2  
  105  9:28  Zergling x8  
  115  9:31  Zerg Missile Weapons Level 1  
  114  9:40  Hydralisk  
  114  9:41  Hydralisk  
  114  9:42  Hydralisk  
  114  9:43  Hydralisk  
  114  9:44  Zergling x4  
  114  9:45  Zergling x10  
  129  9:47  Baneling x2  
  129  9:48  Baneling  
  129  9:56  Centrifical Hooks  
  129  10:10  Zerg Ground Armor Level 2  
  122  10:34  Hydralisk x5  
  122  10:35  Hydralisk x3  
  138  10:36  Spine Crawler  
  138  10:37  Spine Crawler x2, Overlord x4  
  138  10:42  Grooved Spines  
  135  10:43  Extractor, Drone x9  
  135  10:44  Extractor  
  137  10:55  Hydralisk x4  
  145  11:03  Baneling x6  
  145  11:08  Drone  
  145  11:09  Drone x3  
  145  11:10  Drone x4  
  153  11:15  Spore Crawler  
  153  11:16  Drone x2  
  153  11:17  Drone x5  
  153  11:18  Spine Crawler x2  
  119  11:38  Hydralisk x5  
  119  11:39  Hydralisk x2, Zergling x14  
  110  11:57  Zergling x14  
  113  12:02  Infestation Pit  
  113  12:06  Baneling x4  
  113  12:07  Baneling x6  
  112  12:19  Zergling x2  
  112  12:20  Zergling x10  
  112  12:21  Zergling x4  
  112  12:22  Zergling x4  
  122  12:23  Zergling x4  
  122  12:27  Hatchery  
  123  12:36  Hatchery  
  122  12:37  Hydralisk  
  122  12:38  Hydralisk x6  
  122  12:43  Hive  
  129  13:02  Hydralisk x9  
  146  13:18  Zerg Missile Weapons Level 2  
  146  13:21  Hydralisk x5  
  146  13:22  Hydralisk x3  
  157  13:37  Muscular Augments  
  157  13:38  Drone x5  
  157  13:39  Drone x3  
  157  13:40  Hydralisk x2, Overlord  
  168  13:47  Burrow  
  168  14:16  Hydralisk  
  168  14:17  Hydralisk x12  
  169  14:46  Hydralisk  
  169  14:47  Hydralisk x7  
  170  14:57  Hydralisk  
  170  14:58  Hydralisk x9  
  168  15:00  Viper x4  
  168  15:05  Hydralisk x5  
  144  15:28  Hydralisk x9  
  134  15:29  Hydralisk  
  134  15:35  Hydralisk x2  
  138  15:36  Zergling x2  
  138  15:37  Zergling x2  
  130  15:45  Hydralisk x5  
  128  16:17  Hydralisk x3  
  128  16:18  Hydralisk x9  
  140  16:25  Hydralisk  
  146  16:26  Hydralisk x5  
  146  16:28  Zergling x10  
  163  16:35  Drone x4  
  163  16:36  Drone  
  163  16:38  Extractor x2  
  166  16:44  Zerg Ground Armor Level 3  
  166  16:47  Zergling x2  
  166  16:48  Zergling x14  
  166  16:50  Queen x2  
  166  16:51  Queen x2  
  182  16:56  Extractor  
  182  16:57  Extractor  
  182  17:00  Baneling  
  182  17:01  Overlord x3, Baneling x9  
  179  17:16  Spine Crawler  
  179  17:17  Spine Crawler, Spore Crawler  
  179  17:18  Spore Crawler  
  175  17:25  Hydralisk x7  
  189  17:30  Queen  
  183  17:49  Infestation Pit  
  182  17:54  Hydralisk  
  182  17:55  Hydralisk x7  
  198  18:02  Hatchery  
  197  18:13  Hydralisk  
  199  18:46  Ultralisk Cavern  
  199  18:47  Hydralisk  
  189  19:03  Hydralisk x5  
  199  19:19  Overlord x2  
  193  19:27  Viper x4  
  170  19:39  Hydralisk  
  170  19:40  Ultralisk  
  170  19:41  Ultralisk x6  
  170  19:42  Zergling x8  
  178  20:00  Hydralisk  
  178  20:01  Hydralisk x8  
  196  20:08  Drone x4  
Tags
 
League
Diamond
Matchup
TvZ
Replay Pack
June Replays
Spawn Locations
Cross Positions
Add a new tag
Caveats
  • Supply blocks, unpowered buildings, or Contaminate may cause inaccurate times.
  • Supply counts are checked every 10 seconds.